 Dungeon Crawl Stone Soup version 0.26-a0-26-ge22fd8933b (webtiles) character file.

Game seed: 16806104514655870353, levelgen mode: deterministic

596 FHLogan the Chopper (level 7, -10/61 HPs)
             Began as a Hill Orc Fighter on May 27, 2020.
             Was a Believer of Trog.
             Mangled by an orc warrior
             ... wielding a +0 scimitar
              (14 damage)
             ... on level 5 of the Dungeon.
             The game lasted 00:19:57 (4995 turns).

FHLogan the Chopper (Hill Orc Fighter)              Turns: 4995, Time: 00:19:58

Health: -10/61     AC: 10    Str: 21    XL:     7   Next: 40%
Magic:  7/7        EV:  8    Int:  8    God:    Trog [**....]
Gold:   247        SH:  9    Dex: 10    Spells: 6/6 levels left

rFire    x . .     SeeInvis .   a - +0 war axe
rCold    + . .     Gourm    .   o - +0 kite shield
rNeg     . . .     Faith    .   b - +0 scale mail
rPois    .         Spirit   .   (no helmet)
rElec    .         Reflect  .   s - +1 cloak
rCorr    .         Harm     .   (no gloves)
MR       .....                  c - +0 pair of boots
Stlth    ..........             (no amulet)
HPRegen  0.20/turn              w - ring of ice
MPRegen  0.10/turn              (no ring)

@: no status effects
A: no striking features
a: Berserk, Trog's Hand, Renounce Religion


You were on level 5 of the Dungeon.
You worshipped Trog.
Trog was pleased with you.
You were not hungry.

You visited 1 branch of the dungeon, and saw 5 of its levels.

You collected 247 gold pieces.

Inventory:

Hand Weapons
 a - a +0 war axe (weapon)
Missiles
 g - 82 stones (quivered)
 l - 35 arrows
 m - 30 sling bullets
Armour
 b - a +0 scale mail (worn)
 c - a +0 pair of boots (worn)
 o - a +0 kite shield (worn)
 s - a +1 cloak (worn)
Jewellery
 w - a ring of ice (left hand)
Scrolls
 e - a scroll of remove curse
 i - 2 scrolls of blinking {unknown}
 j - a scroll of fear
 k - a scroll of teleportation {unknown}
 n - a scroll of magic mapping {unknown}
 r - a scroll of amnesia
 v - a scroll of noise {unknown}
Potions
 d - 2 potions of might
 h - 2 potions of resistance {unknown}
 p - 2 potions of heal wounds {unknown}
 q - a potion of lignification {unknown}
 u - a potion of magic {unknown}
Comestibles
 f - 11 rations


   Skills:
 + Level 5.0 Fighting
 + Level 7.3 Axes
 + Level 0.6 Throwing
 + Level 4.6 Armour
 + Level 0.6 Dodging
 + Level 4.9 Shields


You had 6 spell levels left.
You didn't know any spells.
Your spell library was empty.

Dungeon Overview and Level Annotations

Branches:
Dungeon (5/15)
 Temple: D:4-7

Altars:
Dithmenos
Sif Muna
Trog


Message History

The orc warrior is moderately wounded.
The orc warrior hits you with a +0 scimitar.
* * * LOW HITPOINT WARNING * * *
You hit the orc warrior but do no damage.
The orc warrior is moderately wounded.
The orc warrior hits you with a +0 scimitar.
* * * LOW HITPOINT WARNING * * *
You hit the orc warrior but do no damage.
The orc warrior is moderately wounded.
You block the orc warrior's attack.
You hit the orc warrior.
The orc warrior is moderately wounded.
You block the orc warrior's attack.
You hit the orc warrior.
The orc warrior is heavily wounded.
The orc warrior barely misses you.
You hit the orc warrior but do no damage.
The orc warrior is heavily wounded.
The orc warrior hits you with a +0 scimitar!
You die...

### ...
############.#####
#......@o.<......#
#.########.#...#.#
#........#
#........#
#........#
#........#
####.#...# ..#...#
###...#


You could see an orc warrior.

Vanquished Creatures
  A phantom (D:4)
  A scorpion (D:4)
  A howler monkey (D:4)
  A hound (D:4)
  An orc priest (D:4)
  A centaur skeleton (D:4)
  Jessica (D:3)
  3 worker ants
  A hound skeleton (D:4)
  6 adders
  3 gnolls (D:3)
  An ooze (D:3)
  An adder skeleton (D:4)
  3 worms (D:3)
  5 dart slugs
  3 leopard geckos
  12 orcs
  3 giant cockroaches
  13 goblins
  10 hobgoblins
  6 jackals
  A quokka (D:4)
  2 ball pythons
  8 bats
  7 frilled lizards
  9 kobolds
  A quokka skeleton (D:4)
  8 rats
113 creatures vanquished.

Notes
Turn   | Place    | Note
-------+----------+-------------------------------------------
     0 | D:1      | FHLogan the Hill Orc Fighter began the quest for the Orb.
     0 | D:1      | Reached XP level 1. HP: 19/19 MP: 1/1
    81 | D:1      | Reached XP level 2. HP: 14/27 MP: 2/2
   297 | D:1      | Reached skill level 3 in Axes
   344 | D:1      | Reached XP level 3. HP: 33/33 MP: 3/3
  1582 | D:2      | Found a shadowy altar of Dithmenos.
  1582 | D:2      | Found a bloodstained altar of Trog.
  1588 | D:2      | Became a worshipper of Trog the Wrathful
  1695 | D:2      | Reached skill level 4 in Axes
  1695 | D:2      | Reached XP level 4. HP: 40/40 MP: 4/4
  2835 | D:3      | Reached XP level 5. HP: 39/46 MP: 5/5
  3038 | D:3      | Noticed Jessica
  3049 | D:3      | Killed Jessica
  3087 | D:3      | Found a shimmering blue altar of Sif Muna.
  3210 | D:3      | Reached * piety under Trog
  3231 | D:3      | Reached skill level 5 in Axes
  3863 | D:4      | Reached XP level 6. HP: 53/53 MP: 6/6
  3869 | D:4      | Noticed a phantom
  3896 | D:4      | Killed a phantom
  3896 | D:4      | Reached skill level 6 in Axes
  3977 | D:4      | Reached XP level 7. HP: 39/60 MP: 7/7
  4358 | D:4      | Reached skill level 7 in Axes
  4541 | D:4      | Reached ** piety under Trog
  4680 | D:4      | Reached skill level 5 in Fighting
  4709 | D:5      | Entered Level 5 of the Dungeon
  4991 | D:5      | HP: 3/61 [orc warrior/+0 scimitar (6)]
  4995 | D:5      | Mangled by an orc warrior

Illustrated notes

Levels and vault maps discovered:
D:1:      psy_arrival_whirlpool, layout_basic, serial_glass, glass_columns_b,
          glass_columns_a, item_on_display_b, item_on_display_a
D:2:      layout_basic, gammafunk_temple_overflow_wave, serial_corexii_hall,
          chequers_hall_statues_corner_a, corexii_hall_statues_u,
          minmay_misc_feat_x, chequers_serial_rivers_micro_e,
          serial_bayou_pond_b
D:3:      layout_basic, led_sif_pool, uniq_jessica
D:4:      minmay_chambers_of_threes, layout_basic, lemuel_doored_altar,
          first_ration
D:5:      layout_basic, grunt_temple_overflow_cloverleaf, serial_shops,
          nicolae_shop_temple_entry_statues_fountains, uniq_menkaure

Skill      XL: |  1  2  3  4  5  6  7 |
---------------+----------------------+-----
Fighting       | 4 5 |  5.0
Axes           | 3 4 5 6 7 |  7.3
Shields        | 4 |  4.9
Armour         | 4 |  4.6
Throwing       | |  0.6
Dodging        | |  0.6

Action                   |  1- 3 |  4- 6 |  7- 9 || total
-------------------------+-------+-------+-------++-------
Melee: War axe           |   108 |   161 |    86 ||   355
Throw: Stone             |    27 |    40 |       ||    67
  Use: Scroll            |       |     4 |       ||     4
  Eat: Chunk             |     3 |     6 |     1 ||    10
       Ration            |       |     1 |       ||     1
Armor: Scale mail        |    69 |   109 |    32 ||   210
Dodge: Dodged            |    42 |    60 |    22 ||   124
Block: Kite shield       |    70 |   102 |    44 ||   216

Table legend:
 A = Non-vault XP
 B = Vault XP
 C = Vault XP percentage of total XP
 D = Non-vault monster count
 E = Vault monster count
 F = Vault count percentage of total count
                 A         B        C        D         E       F
            +---------+---------+-------+---------+---------+-------
      Total |     660 |     192 |  22.5 |     100 |      13 |  11.5
            +---------+---------+-------+---------+---------+-------
        D:1 |      56 |       0 |   0.0 |      31 |       0 |   0.0
        D:2 |      40 |      19 |  32.2 |      15 |       4 |  21.1
        D:3 |     140 |      37 |  20.9 |      35 |       1 |   2.8
        D:4 |     424 |     100 |  19.1 |      19 |       7 |  26.9
        D:5 |       0 |      36 | 100.0 |       0 |       1 | 100.0
            +---------+---------+-------+---------+---------+-------
